 Dungeon Crawl Stone Soup version 0.21.1-1-g345015f (webtiles) character file.

555600 Monsterracer the Sage (level 26, -7/267 HPs)
             Began as a Gnoll Venom Mage on Feb 25, 2018.
             Was a High Priest of Sif Muna.
             Mangled by an Orb Guardian (31 damage)
             ... on level 5 of the Realm of Zot on Mar 4, 2018.
             The game lasted 04:06:36 (82617 turns).

Monsterracer the Sage (Gnoll Venom Mage)           Turns: 82617, Time: 04:06:37

Health: -7/267     AC: 35    Str: 10    XL:     26   Next: 46%
Magic:  31/39      EV: 28    Int: 28    God:    Sif Muna [*****.]
Gold:   3967       SH: 17    Dex: 12    Spells: 4/59 levels left

rFire    . . .     SeeInvis .   a - +7 demon blade (vamp)
rCold    + + +     Gourm    .   Z - +0 shield {reflect}
rNeg     + . .     Faith    .   (armour currently unavailable)
rPois    ∞         Spirit   .   M - +2 helmet
rElec    +         Reflect  +   O - +2 cloak {+Inv}
rCorr    .         Harm     .   (gloves currently unavailable)
MR       .....     Rnd*Rage +   (boots currently unavailable)
Stlth    ++++++....             U - +4 amulet of reflection
HPRegen  0.54/turn              I - +6 ring of evasion
MPRegen  0.26/turn              n - ring of Gluttony {+Fly rPois rC+++ MR- Dex-4}

@: statue-form, very slow
A: distributed training, fangs 1, hooves 1, berserk 1, blink, cold resistance 1,
deformed body, dopey 1, low mp 1, poison resistance, screaming 1, subdued magic
1, MP-powered wands, strong nose
}: 3/15 runes: serpentine, barnacled, silver
a: End Transformation, Blink, Divine Energy, Channel Magic, Forget Spell,
Renounce Religion, Evoke Invisibility, Evoke Flight


You were on level 5 of the Realm of Zot.
You worshipped Sif Muna.
Sif Muna was extremely pleased with you.
You were hungry.
You were a stone statue.
You visited 8 branches of the dungeon, and saw 46 of its levels.
You also visited: Ice Cave.

You collected 5011 gold pieces.
You spent 1044 gold pieces at shops.

Inventory:

Hand Weapons
 a - a +7 vampiric demon blade (weapon)
 b - the +7 morningstar of Vagoc {freeze, rElec}
   (You found it on level 4 of the Shoals)

   It has been specially enchanted to freeze those struck by it, causing extra
   injury to most foes and up to half again as much damage against particularly
   susceptible opponents.
   It can also slow down cold-blooded creatures.
   It insulates you from electricity.
Missiles
 F - 19 throwing nets (quivered)
Armour
 k - the +2 helmet of the Carpenter {rF+ MR- SInv}
   (You acquired it on level 5 of the Vaults)

   It protects you from fire.
   It affects your resistance to hostile enchantments.
   It lets you see invisible.
 r - +4 fire dragon scales (melded)
 t - a +2 pair of gloves of dexterity (melded)
 G - a +2 pair of boots (melded)
 M - a +2 helmet (worn)
 O - a +2 cloak of invisibility (worn)
 Z - a +0 shield of reflection (worn)
Magical Staves
 w - an uncursed staff of wizardry {!a}
Jewellery
 m - an uncursed ring of resist corrosion {!d}
 n - the ring of Gluttony (right hand) {+Fly rPois rC+++ MR- Dex-4}
   (You found it on level 13 of the Dungeon)

   [ring of poison resistance]

   It affects your dexterity (-4).
   It renders you almost immune to cold.
   It protects you from poison.
   It affects your resistance to hostile enchantments.
   It lets you fly.
 s - the amulet "Fees" {*Corrode +Rage MR++ Dex+5}
   (You took it off a deep elf death mage on level 4 of the Depths)

   [amulet of rage]

   It affects your dexterity (+5).
   It affects your resistance to hostile enchantments.
   It lets you go berserk.
   It may corrode you when you take damage.
 I - a +6 ring of evasion (left hand)
 U - a +4 amulet of reflection (around neck)
 W - an uncursed ring of protection from magic {!d}
 X - an uncursed ring of fire
Wands
 u - a wand of iceblast (26)
 x - a wand of digging (52)
 Q - a wand of acid (20)
 T - a wand of paralysis (40)
Scrolls
 f - 9 scrolls of fear {!r}
 h - 4 scrolls of fog
 l - 15 scrolls of teleportation
 o - 10 scrolls of remove curse
 y - 3 scrolls of blinking
 K - 3 scrolls of holy word
 L - 14 scrolls of identify
 V - 2 scrolls of amnesia
Potions
 d - 6 potions of cancellation
 i - 13 potions of curing
 j - 4 potions of heal wounds
 p - 5 potions of agility
 z - 3 potions of mutation {!q}
 A - 6 potions of haste
 C - a potion of invisibility
 D - 5 potions of flight
 H - 2 potions of resistance
 J - 3 potions of magic
 P - 10 potions of brilliance
 S - a potion of might
Books
 E - a book of Necromancy

   Spells                             Type                      Level
   a - Pain                           Necromancy                   1
   b - Animate Skeleton               Necromancy                   1
   c - Vampiric Draining              Necromancy                   3
   d - Regeneration                   Charms/Necromancy            3
   e - Animate Dead                   Necromancy                   4
   f - Borgnjor's Vile Clutch         Necromancy/Earth             5
Miscellaneous
 g - a phial of floods
 q - a fan of gales
 v - a phial of floods
 B - a phantom mirror
 R - a phial of floods
Comestibles
 c - 36 rations


   Skills:
 + Level 16.6 Fighting
 + Level 16.6 Short Blades
 + Level 16.6 Long Blades
 + Level 16.6 Axes
 + Level 16.6 Maces & Flails
 + Level 16.6 Polearms
 + Level 16.6 Staves
 + Level 16.6 Slings
 + Level 16.6 Bows
 + Level 16.6 Crossbows
 + Level 16.6 Throwing
 + Level 16.6 Armour
 + Level 17.1 Dodging
 + Level 17.0 Stealth
 + Level 16.6 Shields
 + Level 16.6 Unarmed Combat
 + Level 17.2 Spellcasting
 + Level 14.5 Conjurations
 + Level 14.3 Hexes
 + Level 14.3 Charms
 + Level 14.3 Summonings
 + Level 14.3 Necromancy
 + Level 14.3 Translocations
 + Level 14.3 Transmutations
 + Level 14.3 Fire Magic
 + Level 14.3 Ice Magic
 + Level 14.3 Air Magic
 + Level 14.3 Earth Magic
 + Level 15.1 Poison Magic
 + Level 17.9 Invocations
 + Level 16.6 Evocations


You had 4 spell levels left.
You knew the following spells:

 Your Spells              Type           Power        Failure   Level  Hunger
a - Summon Lightning Spi  Summ/Air       ######..     1%          4    None
b - Throw Icicle          Conj/Ice       ######..     1%          4    None
c - Conjure Flame         Conj/Fire      ######..     0%          3    None
d - Olgreb's Toxic Radia  Pois           ######..     1%          4    None
e - Blink                 Tloc           N/A          0%          2    None
f - Freezing Cloud        Conj/Ice/Air   ######....   1%          6    ###....
g - Statue Form           Tmut/Erth      ######...    1%          6    ###....
h - Ignite Poison         Fire/Tmut/Pois ######..     0%          3    None
i - Borgnjor's Vile Clut  Necr/Erth      ######....   1%          5    None
j - Regeneration          Chrm/Necr      ######....   0%          3    None
k - Aura of Abjuration    Summ           ######....   1%          5    None
v - Summon Butterflies    Summ           ######..     0%          1    None
x - Passwall              Tmut/Erth      ######....   0%          2    None
y - Deflect Missiles      Chrm/Air       ######....   1%          6    ###....
z - Apportation           Tloc           ######       0%          1    None


Dungeon Overview and Level Annotations

Branches:
Dungeon (15/15)            Temple (0/1) D:7            Lair (6/6) D:9
 Shoals (4/4) Lair:2        Snake (4/4) Lair:3        Slime (0/5) Lair:5
    Orc (2/2) D:9             Elf (0/3) Orc:2        Vaults (5/5) D:14
  Crypt (0/3) Vaults:3     Depths (5/5) D:15            Zot (5/5) Depths:5

Altars:
Dithmenos
Elyvilon
Gozag
Hepliaklqana
Kikubaaqudgha
Qazlal
Sif Muna
Vehumet
Xom
Yredelemnul

Shops:
D:10 %   D:11 (   Orc:2 [(?*   Shoals:2 (   Shoals:3 (   Depths:4 [!

Portals:
Hell: Depths:1 Depths:2 Depths:3 Depths:4 Depths:5
Abyss: Depths:3 Depths:4
Pandemonium: Depths:3
Ziggurat: Depths:4

Annotations:
Zot:4 1 transporter
Zot:5 Ratty's ghost, legendary DENe


Innate Abilities, Weirdness & Mutations

Your experience applies equally to all skills.
You have very sharp teeth.
Your uncanny sense of smell can sniff out nearby items.
You have large cloven feet.
You tend to lose your temper in combat.
You can translocate small distances at will.
Your flesh is cold resistant. (rC+)
Armour fits poorly on your strangely shaped body.
You are dopey. (Int -2)
Your magical capacity is low. (-10% MP)
Your system is resistant to poisons. (rPois)
You occasionally shout uncontrollably at your foes.
Your spells are a little easier to cast, but a little less powerful.
You expend magic power (3 MP) to strengthen your wands.


Message History

The Orb Guardian is moderately wounded.
The Orb Guardian completely misses you. You block the Orb Guardian's attack.
The Orb Guardian barely misses you. You block the Orb Guardian's attack.
You slash the Orb Guardian!
You feel better.
The Orb Guardian is heavily wounded.
The Orb Guardian hits you!! x2
The moth of wrath goads the Orb Guardian on!
The Orb Guardian goes berserk!
The Orb Guardian misses you.
You take 56 damage, and have 157/267 hp.
MASSIVE DAMAGE!!
You slash the moth of wrath!
You kick the moth of wrath, but do no damage.
The moth of wrath is moderately wounded.
The Orb Guardian hits you but does no damage.
You block the Orb Guardian's attack.
The moth of wrath completely misses you.
The Orb Guardian barely misses you.
You riposte.
You slash the Orb Guardian!
You bite the Orb Guardian, but do no damage.
The Orb Guardian is lightly wounded.
The Orb Guardian barely misses you.
You slice the moth of wrath!!
You feel better.
The moth of wrath is severely wounded.
You block the Orb Guardian's attack. x2; The moth of wrath bites you!
The Orb Guardian closely misses you.
You riposte.
You slice the Orb Guardian!!
You feel better.
Your kick misses the Orb Guardian.
The Orb Guardian is moderately wounded.
You block the Orb Guardian's attack.
You regained 2 hp, and now have 159/267 hp.
You hit the Orb Guardian but do no damage.
The Orb Guardian is moderately wounded.
The Orb Guardian completely misses you.
The Orb Guardian hits you but does no damage.
You block the moth of wrath's attack. You block the Orb Guardian's attack.
The Orb Guardian misses you.
You slash the Orb Guardian! You kick the Orb Guardian.
You bite the Orb Guardian, but do no damage.
The Orb Guardian is heavily wounded.
You block the Orb Guardian's attack.
The moth of wrath bites you but does no damage.
You block the Orb Guardian's attack. x2
You are too injured to fight recklessly!
You are too injured to fight recklessly!
You are too injured to fight recklessly!
You are too injured to fight recklessly!
You barely miss the Orb Guardian.
You kick the Orb Guardian, but do no damage.
The Orb Guardian is heavily wounded.
The Orb Guardian hits you!!
* * * LOW HITPOINT WARNING * * *
You block the Orb Guardian's attack. You block the moth of wrath's attack.
The Orb Guardian completely misses you. The Orb Guardian closely misses you.
You riposte.
You slice the Orb Guardian like a ripe choko!!!
You kick the Orb Guardian, but do no damage.
The Orb Guardian is severely wounded.
The moth of wrath completely misses you.
You take 31 damage, and have 128/267 hp.
You closely miss the Orb Guardian. Your kick misses the Orb Guardian.
The Orb Guardian is heavily wounded.
The Orb Guardian completely misses you. The Orb Guardian hits you!!
* * * LOW HITPOINT WARNING * * *
The Orb Guardian hits you!!
* * * LOW HITPOINT WARNING * * *
The Orb Guardian closely misses you. You block the moth of wrath's attack.
You take 62 damage, and have 66/267 hp.
MASSIVE DAMAGE!!
Okay, then.
Unknown command.
Casting: Statue Form
Confirm with . or Enter, or press ? or * to list all spells.
You blink.
You block the Orb Guardian's attack. The Orb Guardian hits you!
* * * LOW HITPOINT WARNING * * *
You take 7 damage, and have 59/267 hp.
You now have 35/39 mp.
Unknown command.
Casting: Blink
Confirm with . or Enter, or press ? or * to list all spells.
Okay, then.
Casting: Blink
Confirm with . or Enter, or press ? or * to list all spells.
Aiming: Borgnjor's Vile Clutch
Press: ? - help, Dir - move target cursor Decaying hands burst forth from the earth!
Zombie hands grab the moth of wrath.
Zombie hands grab the Orb Guardian. x2
The zombie hands constrict the Orb Guardian!
The zombie hands constrict the Orb Guardian.
The zombie hands constrict the moth of wrath!
You kill the moth of wrath!
Sif Muna accepts your kill.
You are feeling hungry.
You block the Orb Guardian's attack. The Orb Guardian hits you!!
* * * LOW HITPOINT WARNING * * *
The Orb Guardian hits you!
* * * LOW HITPOINT WARNING * * *
The Orb Guardian misses you. The Orb Guardian completely misses you.
You riposte.
You hit the Orb Guardian.
You feel better.
The Orb Guardian is heavily wounded.
You block the Orb Guardian's attack. The Orb Guardian misses you.
You take 36 damage, and have 23/267 hp.
You now have 30/39 mp.
The zombie hands constrict the Orb Guardian!! x2
The Orb Guardian escapes! x2; The Orb Guardian hits you!!
You die...

..########......## ##|....
...............## ##....
............<..# ##...
⌠..[.........#.## ##..
##############..# ##. ***
**######.######## ***## ,,**
*,..............# **,,,, ,,,**
**......XX.....#* **,,,,, ,,,,**
*.......8.....# **,,,,,, ,,,,,*
*#........(..## *,,,,,,, ,,,,,*
#...........# *,,,,,,, ,,,,,*
*#...........#* *,,,,,,, ,,,,,*
*.............# *,,,,,,, ,,,,,*
**.............#* *,,,,,,,
,,,,,***,..............#**,,,,,,,
,,,,***,,.###########...***,,,,,,
,,,**,,,,** **,,,,**,,,,,


You could see 2 Orb Guardians.

Vanquished Creatures
  2 orbs of fire (Zot:5)
  2 ancient liches
  2 juggernauts
  Frederick (Depths:4)
  Saint Roka (Depths:4)
  2 curse toes
  A caustic shrike (Depths:3)
  6 golden dragons
  Nikola (Shoals:1)
  2 electric golems (Zot:5)
  Jorgrun (Depths:4)
  An Ice Fiend (IceCv)
  13 tentacled monstrosities
  3 liches
  Asterion (Snake:1)
  An Orb Guardian (Zot:5)
  3 sphinxes
  7 death cobs
  9 quicksilver dragons
  4 krakens (Shoals:4)
  5 titans
  Gastronok (Lair:3)
  Polyphemus (Shoals:3)
  Frances (Shoals:1)
  10 storm dragons
  5 shadow dragons
  Kirke (D:14)
  3 tengu reavers (Vaults:5)
  8 nagarajas
  2 draconian monks
  Donald (Shoals:2)
  Ilsuiw (Shoals:4)
  6 fire giants
  A draconian knight (Zot:1)
  4 iron dragons
  9 frost giants
  A draconian scorcher (Zot:1)
  3 deep elf sorcerers
  2 orc warlords
  2 draconian stormcallers
  10 vault wardens
  A deep elf elementalist (Vaults:5)
  6 spriggan defenders
  A draconian annihilator (Zot:5)
  3 draconian shifters
  5 war gargoyles (Vaults:5)
  19 very ugly things
  10 ironheart preservers
  19 stone giants
  A vampire knight (Depths:1)
  A stone giant (shapeshifter) (Vaults:5)
  An entropy weaver (Vaults:5)
  3 purple draconians
  4 red draconians
  3 deep elf demonologists
  4 green draconians
  4 yellow draconians
  4 dire elephants (Lair:6)
  3 black draconians
  2 deep elf death magi
  2 green deaths (Snake:1)
  18 ettins
  A fire dragon (Depths:5)
  12 merfolk impalers
  3 deep elf high priests
  12 yaktaur captains
  6 merfolk javelineers
  A rakshasa (Depths:4)
  Erolcha (Orc:2)
  8 ogre magi
  3 hydras
  8 great orbs of eyes
  29 vault guards
  7 ice dragons
  3 catoblepae
  4 spriggan air magi
  7 naga warriors
  The ghost of Yawgmoth the Destroyer, a journeyman NaWz of Vehumet (D:10)
  6 centaur warriors
  A satyr (Shoals:2)
  2 merfolk avatars
  4 merfolk aquamancers
  21 anacondas
  An alligator snapping turtle (Shoals:3)
  3 death knights
  A two-headed ogre (shapeshifter) (Depths:4)
  A satyr (shapeshifter) (Vaults:5)
  A queen ant (shapeshifter) (Vaults:5)
  21 two-headed ogres
  2 deep troll earth magi
  Urug (D:12)
  11 shock serpents
  A large abomination (Vaults:5)
  3 orc high priests (Orc:2)
  16 naga sharpshooters
  5 tengu warriors
  5 deep troll shamans
  3 death yaks (Shoals:3)
  3 vampire magi
  A titan zombie (Depths:2)
  5 spriggan berserkers
  6 deep elf knights
  5 hell knights (Depths:5)
  6 salamander mystics
  6 iron trolls
  A skeletal warrior (Vaults:2)
  19 deep trolls
  2 unseen horrors (shapeshifter)
  A torturous demonspawn (Depths:3)
  3 glowing orange brains
  3 unseen horrors
  19 ironbrand convokers
  Pikel (D:6)
  A harpy (shapeshifter) (D:14)
  23 sea snakes
  3 flayed ghosts
  3 deep elf archers
  19 orc knights
  6 wizards
  11 naga ritualists
  2 necromancers
  A phantasmal warrior (Vaults:5)
  20 harpies
  12 deep elf magi
  30 mana vipers
  2 golden dragon skeletons (Depths:2)
  6 orc sorcerers
  5 cyclopes
  16 salamanders
  4 wolf spiders
  An orb spider (shapeshifter) (Vaults:3)
  A cyclops (shapeshifter) (D:13)
  A tengu skeleton (Depths:2)
  41 ugly things
  8 merfolk sirens
  A fire giant skeleton (Depths:3)
  4 manticores
  13 moths of wrath
  An iron dragon skeleton (Depths:2)
  12 elephants
  27 fauns
  Maurice (Orc:2)
  38 black mambas
  6 guardian serpents (Snake:4)
  17 naga magi
  2 ice statues (IceCv)
  A water nymph (shapeshifter) (D:14)
  3 water nymphs
  2 molten gargoyles (D:12)
  A smoke demon (Depths:3)
  11 spiny frogs
  2 centaur zombies
  11 vault sentinels
  A human skeleton (Vaults:4)
  A gargoyle (D:14)
  A spiny frog (shapeshifter) (Vaults:1)
  An efreet (D:13)
  2 kobold demonologists
  51 yaktaurs
  2 hellwings
  4 anaconda simulacra (IceCv)
  5 freezing wraiths
  6 komodo dragons
  4 rime drakes
  A tengu conjurer (D:15)
  7 ice devils (IceCv)
  3 red devils
  2 jumping spiders (Vaults:5)
  8 trolls
  13 hornets
  A polar bear (Lair:5)
  35 merfolk
  10 wind drakes
  A hornet (shapeshifter) (Depths:3)
  32 slime creatures
  4 dream sheep (Shoals:3)
  22 blink frogs
  A meliai zombie (D:15)
  12 hippogriffs
  11 snapping turtles
  A slime creature (shapeshifter) (Vaults:5)
  4 shadows
  7 spriggans
  2 tarantellas (shapeshifter)
  37 water elementals
  5 air elementals
  3 wraiths
  7 wyverns
  A yak (shapeshifter) (Vaults:5)
  A dire elephant simulacrum (IceCv)
  2 fire elementals
  30 yaks
  5 basilisks
  A human (D:7)
  2 hogs (shapeshifter)
  2 humans (shapeshifter)
  8 hogs
  A hungry ghost (D:10)
  A steam dragon (D:13)
  Eustachio (D:5)
  51 nagas
  6 wargs
  A harpy simulacrum (IceCv)
  4 soldier ants
  An iron troll simulacrum (IceCv)
  2 acid dragons (D:15)
  2 hydra simulacra (IceCv)
  5 porcupines
  9 water moccasins
  2 sky beasts
  2 floating eyes
  33 orc warriors
  2 slaves (D:6)
  2 ettin simulacra
  4 phantoms
  An eye of draining (D:15)
  14 wolves
  A black bear (Lair:4)
  37 ogres
  2 ice beasts
  8 boggarts
  19 centaurs
  14 crocodiles
  4 big kobolds
  Blork the orc (Orc:1)
  A glowing shapeshifter simulacrum (Vaults:3)
  A gnoll sergeant (Orc:1)
  An ogre simulacrum (Vaults:1)
  14 bullfrogs
  4 scorpions
  A human simulacrum (Vaults:1)
  6 killer bees (D:8)
  9 wights
  8 howler monkeys
  6 electric eels (Snake:2)
  10 crimson imps
  5 lava snakes (D:12)
  5 centaur skeletons
  7 hounds
  23 orc priests
  Crazy Yiuf (D:2)
  A bullfrog skeleton (D:13)
  6 gnoll shamans
  16 jellies
  26 orc wizards
  5 iguanas
  Ijyb (D:5)
  Natasha (thrice) (D:2)
  8 worker ants
  6 hell rats (Lair:6)
  A killer bee zombie (D:5)
  A hound zombie (D:6)
  7 adders
  44 gnolls
  2 howler monkey skeletons
  5 shadow imps
  3 oozes
  An adder zombie (D:5)
  3 worms
  A dart slug (D:5)
  4 leopard geckos
  83 orcs
  A ball python (D:3)
  11 bats
  4 giant cockroaches
  7 hobgoblins
  27 jackals
  3 quokkas
  5 frilled lizards
  A goblin (D:3)
  14 kobolds
  6 rats
  A bush (D:1)
  A butterfly (Lair:3)
  A crawling corpse (Vaults:1)
  6 plants
  9 tentacles (Shoals:4)
1934 creatures vanquished.

Vanquished Creatures (collateral kills)
  Margery (Depths:5)
  Vashnia (Snake:2)
  2 shadow dragons
  3 nagarajas
  A vault warden (Vaults:4)
  Aizul (Snake:2)
  3 frost giants
  A very ugly thing (Depths:2)
  Azrael (D:14)
  A naga warrior (Snake:4)
  6 anacondas
  A two-headed ogre (Vaults:3)
  A titan zombie (Depths:3)
  5 naga sharpshooters
  A salamander mystic (Snake:2)
  A skeletal warrior (Vaults:3)
  A titan skeleton (Vaults:4)
  A sea snake (Snake:2)
  3 naga ritualists
  A sphinx zombie (Vaults:4)
  2 necromancers
  A phantasmal warrior (Vaults:3)
  2 mana vipers
  A manticore (Shoals:2)
  3 black mambas
  A water nymph (Shoals:2)
  2 guardian serpents (Snake:4)
  2 naga magi
  2 hellions
  A freezing wraith (Vaults:3)
  4 ice devils (IceCv)
  2 yaktaurs
  A stone giant simulacrum (Vaults:4)
  A shadow (D:13)
  2 elf skeletons (Depths:3)
  2 fire elementals
  9 nagas
  An orc warrior (Depths:4)
  An ettin simulacrum (Depths:3)
76 creatures vanquished.

Vanquished Creatures (others)
  A fire giant (Depths:3)
  A vault warden (Vaults:1)
  2 stone giants
  A green draconian (Zot:5)
  3 yaktaur captains
  A fire dragon (Vaults:1)
  A centaur warrior (D:11)
  2 satyrs
  4 naga sharpshooters
  An ogre mage (Vaults:5)
  A deep elf archer (Vaults:5)
  An orc knight (Orc:1)
  2 manticores
  3 fauns
  2 moths of wrath (Zot:5)
  2 cyclopes (Vaults:2)
  20 yaktaurs
  A yaktaur zombie (Vaults:4)
  A water elemental (Depths:5)
  3 humans (D:14)
  A naga (Snake:4)
  2 orc warriors
  2 centaurs
  An orc wizard (D:4)
  An orc (D:3)
  2 kobolds (D:14)
  A crawling corpse (Vaults:1)
  9 fungi
  103 plants
  7 tentacles (Shoals:4)
  A withered plant (Shoals:2)
183 creatures vanquished.

Grand Total: 2193 creatures vanquished

Notes
Turn   | Place    | Note
-------+----------+-------------------------------------------
     0 | D:1      | Monsterracer the Gnoll Venom Mage began the quest for the Orb.
     0 | D:1      | Reached XP level 1. HP: 13/13 MP: 6/6
   100 | D:1      | HP: 6/13 [hobgoblin/club (5)]
   631 | D:1      | Reached XP level 2. HP: 19/19 MP: 1/7
  1389 | D:2      | Learned a level 2 spell: Poisonous Vapours
  1486 | D:2      | Reached XP level 3. HP: 25/25 MP: 6/9
  1521 | D:2      | Reached skill level 5 in Spellcasting
  1674 | D:2      | Found a faded altar of an unknown god.
  1688 | D:2      | Reached skill level 1 in Invocations
  1690 | D:2      | Became a worshipper of Sif Muna the Loreminder
  1690 | D:2      | Reached * piety under Sif Muna
  1865 | D:2      | Learned a level 3 spell: Mephitic Cloud
  1948 | D:2      | Noticed Natasha
  1954 | D:2      | Killed Natasha
  1954 | D:2      | Reached skill level 1 in Fighting
  1954 | D:2      | Reached skill level 1 in Short Blades
  1954 | D:2      | Reached skill level 1 in Long Blades
  1954 | D:2      | Reached skill level 1 in Axes
  1954 | D:2      | Reached skill level 1 in Maces & Flails
  1954 | D:2      | Reached skill level 1 in Polearms
  1954 | D:2      | Reached skill level 1 in Staves
  1954 | D:2      | Reached skill level 1 in Slings
  1954 | D:2      | Reached skill level 1 in Bows
  1954 | D:2      | Reached skill level 1 in Crossbows
  1954 | D:2      | Reached skill level 1 in Throwing
  1954 | D:2      | Reached skill level 1 in Armour
  1954 | D:2      | Reached skill level 1 in Shields
  1954 | D:2      | Reached skill level 1 in Unarmed Combat
  1954 | D:2      | Reached skill level 1 in Evocations
  1954 | D:2      | Reached XP level 4. HP: 32/32 MP: 6/11
  1959 | D:2      | Noticed Natasha
  1963 | D:2      | Killed Natasha
  1963 | D:2      | Reached skill level 1 in Hexes
  1963 | D:2      | Reached skill level 1 in Charms
  1963 | D:2      | Reached skill level 1 in Summonings
  1963 | D:2      | Reached skill level 1 in Necromancy
  1963 | D:2      | Reached skill level 1 in Translocations
  1963 | D:2      | Reached skill level 1 in Transmutations
  1963 | D:2      | Reached skill level 1 in Fire Magic
  1963 | D:2      | Reached skill level 1 in Ice Magic
  1963 | D:2      | Reached skill level 1 in Air Magic
  1963 | D:2      | Reached skill level 1 in Earth Magic
  2145 | D:2      | Found a runed door.
  2266 | D:2      | Noticed Natasha
  2269 | D:2      | Killed Natasha
  2269 | D:2      | Reached XP level 5. HP: 37/37 MP: 5/12
  2357 | D:2      | Noticed Crazy Yiuf
  2362 | D:2      | Killed Crazy Yiuf
  2689 | D:3      | HP: 17/37 [orc/morningstar (6)]
  2953 | D:3      | Learned a level 4 spell: Olgreb's Toxic Radiance
  3422 | D:3      | Reached XP level 6. HP: 40/44 MP: 13/13
  4022 | D:3      | Reached ** piety under Sif Muna
  4162 | D:3      | Reached skill level 5 in Dodging
  4198 | D:3      | HP: 22/44 [gnoll/spear (4)]
  4296 | D:3      | HP: 20/44 [gnoll/spear (4)]
  4328 | D:3      | HP: 18/44 [gnoll/whip (4)]
  4332 | D:3      | Reached XP level 7. HP: 22/50 MP: 0/15
  4583 | D:3      | HP: 24/50 [ogre/giant spiked club (18)]
  4615 | D:3      | Reached skill level 5 in Stealth
  5278 | D:4      | Reached XP level 8. HP: 57/57 MP: 15/16
  6482 | D:5      | Entered Level 5 of the Dungeon
  6653 | D:5      | Noticed Ijyb
  6658 | D:5      | Killed Ijyb
  6746 | D:5      | Learned a level 2 spell: Passwall
  6756 | D:5      | Reached *** piety under Sif Muna
  6802 | D:5      | HP: 28/58 [centaur (6)]
  7085 | D:5      | Noticed Eustachio
  7095 | D:5      | Killed Eustachio
  7095 | D:5      | Reached XP level 9. HP: 65/65 MP: 15/18
  7864 | D:6      | Found a white marble altar of Elyvilon.
  8171 | D:6      | Learned a level 3 spell: Stone Arrow
  8496 | D:6      | Noticed Pikel
  8512 | D:6      | Killed Pikel
  8512 | D:6      | Reached **** piety under Sif Muna
  8512 | D:6      | Reached skill level 5 in Invocations
  8512 | D:6      | Reached XP level 10. HP: 60/73 MP: 9/20
  8898 | D:7      | Identified a scroll of acquirement
  9276 | D:7      | Found a staircase to the Ecumenical Temple.
  9566 | D:7      | Reached skill level 5 in Fighting
  9566 | D:7      | Reached skill level 5 in Short Blades
  9566 | D:7      | Reached skill level 5 in Long Blades
  9566 | D:7      | Reached skill level 5 in Axes
  9566 | D:7      | Reached skill level 5 in Maces & Flails
  9566 | D:7      | Reached skill level 5 in Polearms
  9566 | D:7      | Reached skill level 5 in Staves
  9566 | D:7      | Reached skill level 5 in Slings
  9566 | D:7      | Reached skill level 5 in Bows
  9566 | D:7      | Reached skill level 5 in Crossbows
  9566 | D:7      | Reached skill level 5 in Throwing
  9566 | D:7      | Reached skill level 5 in Armour
  9566 | D:7      | Reached skill level 5 in Shields
  9566 | D:7      | Reached skill level 5 in Unarmed Combat
  9566 | D:7      | Reached skill level 5 in Evocations
  9769 | D:8      | HP: 36/74 [orc warrior/war axe (18)]
  9772 | D:8      | HP: 11/74 [orc warrior/war axe (11)]
 10638 | D:8      | Got a spiked helmet
 10674 | D:8      | Identified the +1 helmet of the Eternal Void {+Fly rF- Dex+4 SInv} (You found it on level 8 of the Dungeon)
 10755 | D:8      | Learned a level 5 spell: Lee's Rapid Deconstruction
 10773 | D:8      | Got a brightly glowing leather armour
 11350 | D:9      | Reached skill level 5 in Conjurations
 11503 | D:9      | Identified the +1 leather armour of Wu Jian's Delight {MR+ MP+9} (You found it on level 8 of the Dungeon)
 11752 | D:9      | Found a staircase to the Lair.
 12160 | D:9      | Found a staircase to the Orcish Mines.
 12236 | Orc:1    | Entered Level 1 of the Orcish Mines
 12265 | Orc:1    | HP: 32/76 [orc warrior/trident (13)]
 12270 | Orc:1    | HP: 30/76 [warg (1)]
 12275 | Orc:1    | Reached XP level 11. HP: 33/81 MP: 11/22
 12379 | Orc:1    | HP: 37/81 [orc wizard/magic dart (4)]
 12459 | Orc:1    | Noticed an orc knight
 12580 | Orc:1    | Noticed an orc knight
 12583 | Orc:1    | Noticed an orc knight
 12597 | Orc:1    | HP: 25/81 [orc knight/bolt (28)]
 12616 | Lair:1   | Entered Level 1 of the Lair of Beasts
 12772 | Lair:1   | HP: 34/81 [blink frog (9)]
 12797 | Lair:1   | HP: 39/81 [hippogriff (1)]
 12803 | Lair:1   | HP: 32/81 [hippogriff (2)]
 13140 | Lair:1   | Reached skill level 5 in Hexes
 13140 | Lair:1   | Reached skill level 5 in Charms
 13140 | Lair:1   | Reached skill level 5 in Summonings
 13140 | Lair:1   | Reached skill level 5 in Necromancy
 13140 | Lair:1   | Reached skill level 5 in Translocations
 13140 | Lair:1   | Reached skill level 5 in Transmutations
 13140 | Lair:1   | Reached skill level 5 in Fire Magic
 13140 | Lair:1   | Reached skill level 5 in Ice Magic
 13140 | Lair:1   | Reached skill level 5 in Air Magic
 13140 | Lair:1   | Reached skill level 5 in Earth Magic
 14208 | Lair:2   | HP: 40/81 [poisoned by a water moccasin]
 14213 | Lair:2   | HP: 36/81 [poisoned by a water moccasin]
 14218 | Lair:2   | HP: 34/81 [poisoned by a water moccasin]
 14223 | Lair:2   | HP: 34/81 [poisoned by a water moccasin]
 14230 | Lair:2   | HP: 33/81 [poisoned by a water moccasin]
 14238 | Lair:2   | HP: 33/81 [poisoned by a water moccasin]
 14471 | Lair:2   | Reached ***** piety under Sif Muna
 14471 | Lair:2   | Received a gift from Sif Muna
 14484 | Lair:2   | HP: 40/82 [poisoned by a spiny frog]
 14487 | Lair:2   | HP: 19/82 [spiny frog (9)]
 14492 | Lair:2   | HP: 12/83 [poisoned by a spiny frog]
 14497 | Lair:2   | HP: 8/83 [poisoned by a spiny frog]
 14503 | Lair:2   | HP: 4/83 [poisoned by a spiny frog]
 14509 | Lair:2   | HP: 3/83 [poisoned by a spiny frog]
 14510 | Lair:2   | Learned a level 3 spell: Regeneration
 14515 | Lair:2   | HP: 8/83 [poisoned by a spiny frog]
 14523 | Lair:2   | HP: 16/83 [poisoned by a spiny frog]
 14821 | Lair:2   | Found a staircase to the Shoals.
 15601 | Lair:2   | Reached XP level 12. HP: 89/89 MP: 21/24
 15757 | Lair:2   | Noticed an eight-headed hydra
 15773 | Lair:1   | HP: 44/89 [poisoned by a spiny frog]
 15778 | Lair:1   | HP: 39/89 [poisoned by a spiny frog]
 15783 | Lair:1   | HP: 36/89 [poisoned by a spiny frog]
 15788 | Lair:1   | HP: 34/89 [poisoned by a spiny frog]
 15794 | Lair:1   | HP: 32/89 [poisoned by a spiny frog]
 15801 | Lair:1   | HP: 32/89 [poisoned by a spiny frog]
 15809 | Lair:1   | HP: 32/89 [poisoned by a spiny frog]
 16063 | Lair:2   | HP: 42/89 [eight-headed hydra (7)]
 16065 | Lair:2   | Killed an eight-headed hydra
 16352 | Lair:2   | Paralysed by a hornet for 1 turns
 16569 | Lair:2   | Noticed a four-headed hydra
 16585 | Lair:2   | Killed a four-headed hydra
 16826 | Lair:3   | Found a staircase to the Snake Pit.
 17421 | Lair:3   | Noticed Gastronok
 17426 | Lair:3   | Noticed a six-headed hydra
 17649 | Lair:3   | Killed a six-headed hydra
 17895 | Lair:3   | Killed Gastronok
 18163 | Lair:3   | Learned a level 1 spell: Summon Butterflies
 18169 | Lair:3   | Learned a level 5 spell: Summon Mana Viper
 18399 | Lair:4   | HP: 45/92 [spiny frog (17)]
 18401 | Lair:4   | Reached XP level 13. HP: 48/98 MP: 26/26
 18404 | Lair:4   | HP: 45/98 [poisoned by a spiny frog]
 18410 | Lair:4   | HP: 43/98 [poisoned by a spiny frog]
 18416 | Lair:4   | HP: 42/98 [poisoned by a spiny frog]
 18424 | Lair:4   | HP: 42/98 [poisoned by a spiny frog]
 18432 | Lair:4   | HP: 42/98 [poisoned by a spiny frog]
 19913 | Lair:5   | You fall through a shaft!
 19913 | Lair:6   | Entered Level 6 of the Lair of Beasts
 20274 | Lair:5   | Found a staircase to the Slime Pits.
 20299 | Lair:5   | HP: 46/98 [acid (5)]
 21109 | Lair:5   | Identified Qynwag's Compendium of Quantum Transformation (Sif Muna gifted it to you on level 5 of the Lair of Beasts)
 21109 | Lair:5   | Received a gift from Sif Muna
 21127 | Lair:5   | Learned a level 3 spell: Lesser Beckoning
 23046 | Lair:6   | Noticed a dire elephant
 23057 | Lair:6   | HP: 42/99 [dire elephant (9)]
 23073 | Lair:6   | HP: 22/99 [dire elephant (24)]
 23086 | Lair:6   | HP: 20/99 [dire elephant (5)]
 23106 | Lair:6   | Noticed a dire elephant
 23146 | Lair:6   | HP: 30/99 [dire elephant (6)]
 23461 | Lair:6   | Noticed a dire elephant
 23518 | Lair:6   | Noticed a dire elephant
 23518 | Lair:6   | Noticed a dire elephant
 23534 | Lair:6   | HP: 41/99 [dire elephant (11)]
 23554 | Lair:6   | Killed a dire elephant
 23570 | Lair:6   | Killed a dire elephant
 23755 | Lair:6   | Got a brightly glowing rapier
 23756 | Lair:6   | Identified the cursed +2 rapier "Hygruin" {pain, +Fly MR- Dex+2} (You found it on level 6 of the Lair of Beasts)
 23811 | Lair:6   | Noticed a dire elephant
 23831 | Lair:6   | Killed a dire elephant
 23831 | Lair:6   | Reached skill level 10 in Spellcasting
 24057 | Lair:6   | HP: 38/99 [dire elephant (14)]
 24059 | Lair:6   | Killed a dire elephant
 24059 | Lair:6   | Reached XP level 14. HP: 36/106 MP: 23/28
 25220 | D:10     | Entered Level 10 of the Dungeon
 25573 | D:10     | Reached skill level 10 in Dodging
 25586 | D:10     | Found Eplarheb's Food Shoppe.
 25827 | D:10     | Noticed Yawgmoth's ghost (journeyman NaWz)
 25889 | D:10     | Killed Yawgmoth's ghost
 27096 | D:11     | Identified Tuxzosm's Grimoire of Harmful Toxins (Sif Muna gifted it to you on level 11 of the Dungeon)
 27096 | D:11     | Received a gift from Sif Muna
 27294 | D:11     | Found Wutof's Weapon Boutique.
 27793 | D:12     | Reached skill level 10 in Stealth
 28099 | D:12     | Noticed Urug
 28106 | D:12     | Killed Urug
 28518 | Orc:1    | HP: 53/108 [orc priest/divine providence (12)]
 28891 | Orc:1    | HP: 54/108 [orc knight/uncursed battleaxe (14)]
 28894 | Orc:1    | Reached skill level 10 in Invocations
 29128 | Orc:1    | Noticed Blork the orc
 29134 | Orc:1    | Killed Blork the orc
 29489 | Orc:2    | Entered Level 2 of the Orcish Mines
 29949 | Orc:2    | Noticed an orc warlord
 29970 | Orc:2    | Killed an orc warlord
 30383 | Orc:2    | Noticed Maurice
 30392 | Orc:2    | Found a staircase to the Elven Halls.
 30398 | Orc:2    | Killed Maurice
 30580 | Orc:2    | Noticed Erolcha
 30581 | Orc:2    | Found a radiant altar of Vehumet.
 30591 | Orc:2    | Killed Erolcha
 30686 | Orc:2    | Found Utekk's Antique Armour Emporium.
 30913 | Orc:2    | HP: 53/108 [orc knight/bolt (18)]
 31303 | Orc:2    | Reached XP level 15. HP: 77/114 MP: 11/29
 31313 | Orc:2    | Found Cafasyto's Assorted Antiques.
 31314 | Orc:2    | Found Cohag's Antique Weapon Boutique.
 31317 | Orc:2    | Found Estis's Magic Scroll Boutique.
 31348 | Orc:2    | Bought a scroll of enchant weapon for 82 gold pieces
 31351 | Orc:2    | Bought a pair of gloves for 153 gold pieces
 31777 | D:13     | Got a heavily runed granite ring
 31778 | D:13     | Identified the ring of Gluttony {+Fly rPois rC+++ MR- Dex-4} (You found it on level 13 of the Dungeon)
 31785 | D:13     | Got a faintly glowing falchion
 31786 | D:13     | Identified the +1 falchion of the Sage {slice, rC+ Str-3 Int+4 Dex+3} (You found it on level 13 of the Dungeon)
 31961 | Orc:2    | Bought an amber-encrusted leather armour for 182 gold pieces
 31961 | Orc:2    | Identified the +1 leather armour "Gejoy" {rC+} (You bought it in a shop on level 2 of the Orcish Mines)
 32109 | D:13     | Found an opulent altar of Gozag.
 32385 | D:13     | Found a white marble altar of Elyvilon.
 32846 | D:14     | Noticed Azrael
 32871 | D:14     | HP: 48/115 [Azrael/damnation (30)]
 32872 | D:14     | Killed Azrael
 32883 | D:13     | HP: 48/115 [fire elemental[Azrael] (4)]
 33359 | D:14     | Found a gate to the Vaults.
 33601 | D:14     | Noticed Kirke
 33635 | D:14     | HP: 57/115 [harpy[Kirke] (8)]
 33906 | D:14     | Noticed a sphinx
 33949 | D:14     | Killed Kirke
 33949 | D:14     | Reached skill level 10 in Poison Magic
 34626 | D:15     | Entered Level 15 of the Dungeon
 34809 | Snake:1  | Entered Level 1 of the Snake Pit
 34832 | Snake:1  | Reached skill level 10 in Fighting
 34832 | Snake:1  | Reached skill level 10 in Short Blades
 34832 | Snake:1  | Reached skill level 10 in Long Blades
 34832 | Snake:1  | Reached skill level 10 in Axes
 34832 | Snake:1  | Reached skill level 10 in Maces & Flails
 34832 | Snake:1  | Reached skill level 10 in Polearms
 34832 | Snake:1  | Reached skill level 10 in Staves
 34832 | Snake:1  | Reached skill level 10 in Slings
 34832 | Snake:1  | Reached skill level 10 in Bows
 34832 | Snake:1  | Reached skill level 10 in Crossbows
 34832 | Snake:1  | Reached skill level 10 in Throwing
 34832 | Snake:1  | Reached skill level 10 in Armour
 34832 | Snake:1  | Reached skill level 10 in Shields
 34832 | Snake:1  | Reached skill level 10 in Unarmed Combat
 34832 | Snake:1  | Reached skill level 10 in Evocations
 35240 | Snake:1  | Received a gift from Sif Muna
 35247 | Snake:1  | Learned a level 4 spell: Summon Lightning Spire
 35390 | Snake:1  | Found a runed door.
 35411 | Snake:1  | HP: 56/115 [shock serpent/bolt of electricity (17)]
 35417 | Snake:1  | HP: 32/115 [naga/long sword (15)]
 35670 | Snake:1  | Noticed Asterion
 35724 | Snake:1  | Noticed a balrug
 35725 | Snake:1  | HP: 49/115 [balrug/bolt of fire[Asterion] (39)]
 35728 | Snake:1  | HP: 15/115 [shock serpent/bolt of electricity (13)]
 35728 | Snake:1  | HP: 5/115 [balrug/divine providence[Asterion] (10)]
 36063 | Snake:1  | Noticed an Executioner
 36070 | Snake:1  | HP: 55/115 [Asterion/broad axe of flaming (18)]
 36073 | Snake:1  | Killed Asterion
 36076 | Snake:1  | HP: 37/115 [black mamba (1)]
 36821 | Snake:1  | HP: 55/115 [naga ritualist/Olgreb's Toxic Radiance (4)]
 36826 | Snake:1  | HP: 31/115 [poisoned by a naga ritualist (toxic radiance)]
 36831 | Snake:1  | HP: 20/115 [poisoned by a naga ritualist (toxic radiance)]
 36836 | Snake:1  | HP: 14/115 [poisoned by a naga ritualist (toxic radiance)]
 36841 | Snake:1  | HP: 11/115 [poisoned by a naga ritualist (toxic radiance)]
 36846 | Snake:1  | HP: 8/115 [poisoned by a naga ritualist (toxic radiance)]
 36852 | Snake:1  | HP: 7/115 [poisoned by a naga ritualist (toxic radiance)]
 36858 | Snake:1  | HP: 6/115 [poisoned by a naga ritualist (toxic radiance)]
 36866 | Snake:1  | HP: 7/115 [poisoned by a naga ritualist (toxic radiance)]
 37850 | Snake:2  | Reached XP level 16. HP: 108/122 MP: 31/31
 38229 | Snake:2  | HP: 59/123 [anaconda (3)]
 38234 | Snake:2  | HP: 55/123 [sea snake (1)]
 38241 | Snake:2  | HP: 51/123 [black mamba (1)]
 38246 | Snake:2  | HP: 46/123 [poisoned by a black mamba]
 38251 | Snake:2  | HP: 44/123 [poisoned by a black mamba]
 38257 | Snake:2  | HP: 42/123 [poisoned by a black mamba]
 38262 | Snake:2  | HP: 41/123 [poisoned by a black mamba]
 38269 | Snake:2  | HP: 41/123 [poisoned by a black mamba]
 38277 | Snake:2  | HP: 42/123 [poisoned by a black mamba]
 38828 | Snake:2  | HP: 51/123 [shock serpent (12)]
 39097 | Snake:2  | Got a faintly glowing arbalest
 39102 | Snake:2  | Identified the +4 arbalest "Tefeok" {flame, rPois Str+5} (You found it on level 2 of the Snake Pit)
 39898 | Snake:2  | Noticed a nagaraja
 39905 | Snake:2  | Noticed Aizul
 39908 | Snake:2  | HP: 53/123 [nagaraja/poison arrow (38)]
 39913 | Snake:2  | HP: 47/123 [nagaraja/whip (3)]
 39913 | Snake:2  | Killed a nagaraja
 40030 | Snake:2  | Learned a level 6 spell: Freezing Cloud
 40208 | Snake:2  | HP: 50/123 [shock serpent/bolt of electricity (29)]
 40623 | Snake:2  | Killed Aizul
 41057 | Snake:2  | HP: 49/124 [shock serpent/bolt of electricity (21)]
 41064 | Snake:2  | HP: 13/124 [mana viper (14)]
 41071 | Snake:2  | HP: 27/186 [mana viper (4)]
 41696 | Snake:2  | Noticed Vashnia
 41699 | Snake:2  | Received a gift from Sif Muna
 41712 | Snake:2  | HP: 32/124 [Vashnia/arrow (34)]
 41714 | Snake:2  | HP: 11/124 [Vashnia/arrow (21)]
 41722 | Snake:2  | HP: 10/124 [poisoned by a naga sharpshooter (splash of poison)]
 41730 | Snake:2  | HP: 10/124 [poisoned by a naga sharpshooter (splash of poison)]
 41906 | Snake:3  | HP: 57/124 [black mamba (5)]
 41911 | Snake:3  | HP: 31/124 [poisoned by a black mamba]
 41916 | Snake:3  | HP: 27/124 [poisoned by a black mamba]
 41921 | Snake:3  | HP: 25/124 [poisoned by a black mamba]
 41927 | Snake:3  | HP: 24/124 [poisoned by a black mamba]
 41933 | Snake:3  | HP: 23/124 [poisoned by a black mamba]
 41941 | Snake:3  | HP: 24/124 [poisoned by a black mamba]
 42295 | Snake:2  | HP: 62/124 [poisoned by Vashnia (splash of poison)]
 42300 | Snake:2  | HP: 50/124 [poisoned by Vashnia (splash of poison)]
 42305 | Snake:2  | HP: 51/124 [poisoned by Vashnia (splash of poison)]
 42310 | Snake:2  | HP: 33/124 [poisoned by Vashnia (splash of poison)]
 42311 | Snake:2  | Killed Vashnia
 42315 | Snake:2  | HP: 35/124 [poisoned by Vashnia (splash of poison)]
 42320 | Snake:2  | HP: 38/124 [poisoned by Vashnia (splash of poison)]
 42327 | Snake:2  | HP: 41/124 [poisoned by Vashnia (splash of poison)]
 42334 | Snake:2  | HP: 41/124 [poisoned by Vashnia (splash of poison)]
 42342 | Snake:2  | HP: 41/124 [poisoned by Vashnia (splash of poison)]
 43133 | Snake:2  | HP: 60/124 [black mamba (14)]
 43138 | Snake:2  | HP: 62/124 [poisoned by a naga ritualist (toxic radiance)]
 43623 | Snake:2  | HP: 55/125 [mana viper (22)]
 43629 | Snake:2  | HP: 54/125 [poisoned by a naga ritualist (toxic radiance)]
 43883 | Snake:2  | Identified Sif Muna's Collected Works on Execration (Sif Muna gifted it to you on level 2 of the Snake Pit)
 43889 | Snake:2  | Learned a level 4 spell: Cause Fear
 43985 | Snake:3  | Reached XP level 17. HP: 105/131 MP: 8/33
 45283 | Snake:4  | Entered Level 4 of the Snake Pit
 45317 | Snake:4  | Learned a level 3 spell: Conjure Flame
 45343 | Snake:4  | HP: 58/131 [shock serpent/bolt of electricity (25)]
 45565 | Snake:4  | HP: 65/131 [poisoned by a naga ritualist (toxic radiance)]
 45570 | Snake:4  | HP: 64/131 [poisoned by a naga ritualist (toxic radiance)]
 45575 | Snake:4  | HP: 65/131 [poisoned by a naga ritualist (toxic radiance)]
 45596 | Snake:4  | HP: 61/131 [naga sharpshooter/bolt (22)]
 45597 | Snake:4  | HP: 26/131 [naga sharpshooter/splash of poison (7)]
 45602 | Snake:4  | HP: 22/131 [poisoned by a naga sharpshooter (splash of poison)]
 45609 | Snake:4  | HP: 28/131 [poisoned by a naga sharpshooter (splash of poison)]
 45616 | Snake:4  | HP: 35/131 [poisoned by a naga sharpshooter (splash of poison)]
 45624 | Snake:4  | HP: 44/131 [poisoned by a naga sharpshooter (splash of poison)]
 45789 | Snake:4  | Found a frozen archway.
 45826 | Snake:4  | HP: 64/131 [naga sharpshooter/bolt (25)]
 45831 | IceCv    | Entered an ice cave
 46087 | IceCv    | Identified Wouwel's Papyrus of Conjuration (Sif Muna gifted it to you in an ice cave)
 46087 | IceCv    | Received a gift from Sif Muna
 46339 | IceCv    | Reached skill level 10 in Conjurations
 46385 | IceCv    | Noticed an Ice Fiend
 46401 | IceCv    | Killed an Ice Fiend
 46440 | IceCv    | Got an ancient scale mail
 46441 | IceCv    | Identified the +4 scale mail of Paranoia {Int+2 Dex+4} (You found it in an ice cave)
 47303 | Snake:4  | Got an encrusted scale mail
 47304 | Snake:4  | Identified the +2 scale mail of the Sun {rElec rPois rF- rN+} (You found it on level 4 of the Snake Pit)
 47760 | Snake:4  | HP: 64/131 [anaconda (4)]
 47763 | Snake:4  | HP: 22/131 [naga ritualist/lance of force (20)]
 47769 | Snake:4  | HP: 25/132 [poisoned by a naga ritualist (toxic radiance)]
 47774 | Snake:4  | HP: 25/132 [poisoned by a naga ritualist (toxic radiance)]
 47781 | Snake:4  | HP: 25/132 [poisoned by a naga ritualist (toxic radiance)]
 47789 | Snake:4  | HP: 26/132 [poisoned by a naga ritualist (toxic radiance)]
 48451 | Snake:4  | Reached skill level 10 in Hexes
 48451 | Snake:4  | Reached skill level 10 in Charms
 48451 | Snake:4  | Reached skill level 10 in Summonings
 48451 | Snake:4  | Reached skill level 10 in Necromancy
 48451 | Snake:4  | Reached skill level 10 in Translocations
 48451 | Snake:4  | Reached skill level 10 in Transmutations
 48451 | Snake:4  | Reached skill level 10 in Fire Magic
 48451 | Snake:4  | Reached skill level 10 in Ice Magic
 48451 | Snake:4  | Reached skill level 10 in Air Magic
 48451 | Snake:4  | Reached skill level 10 in Earth Magic
 48495 | Snake:4  | HP: 57/133 [nagaraja/orb of energy (37)]
 48500 | Snake:4  | HP: 42/133 [poisoned by a nagaraja (poison arrow)]
 48505 | Snake:4  | HP: 21/133 [poisoned by a nagaraja (poison arrow)]
 48510 | Snake:4  | HP: 17/133 [poisoned by a nagaraja (poison arrow)]
 48515 | Snake:4  | HP: 15/133 [poisoned by a nagaraja (poison arrow)]
 48520 | Snake:4  | HP: 17/133 [poisoned by a nagaraja (poison arrow)]
 48525 | Snake:4  | HP: 20/133 [poisoned by a nagaraja (poison arrow)]
 48530 | Snake:4  | HP: 23/133 [poisoned by a nagaraja (poison arrow)]
 48535 | Snake:4  | HP: 28/133 [poisoned by a nagaraja (poison arrow)]
 48542 | Snake:4  | HP: 35/133 [poisoned by a nagaraja (poison arrow)]
 48549 | Snake:3  | HP: 43/133 [poisoned by a nagaraja (poison arrow)]
 48668 | Snake:4  | Reached XP level 18. HP: 130/139 MP: 34/34
 49286 | Snake:4  | HP: 62/140 [anaconda (17)]
 49789 | Snake:4  | Got a serpentine rune of Zot
 50052 | Shoals:1 | Entered Level 1 of the Shoals
 50389 | Shoals:1 | Noticed Nikola
 50461 | Shoals:1 | Killed Nikola
 50611 | Shoals:1 | HP: 56/140 [merfolk siren/trident (21)]
 50616 | Shoals:1 | HP: 54/140 [poisoned by a sea snake]
 50621 | Shoals:1 | HP: 54/140 [poisoned by a sea snake]
 50627 | Shoals:1 | HP: 58/140 [poisoned by a sea snake]
 50634 | Shoals:1 | HP: 65/140 [poisoned by a sea snake]
 50657 | Shoals:1 | Noticed Frances
 50757 | Shoals:1 | Killed Frances
 50868 | Shoals:1 | Got a warped long sword
 50869 | Shoals:1 | Identified the +3 long sword "Grim" {freeze, rF+ rN+ MP-9} (You found it on level 1 of the Shoals)
 51006 | Shoals:1 | Received a gift from Sif Muna
 51009 | Shoals:1 | Identified Sif Muna's Tome of Ice and the Entourage (Sif Muna gifted it to you on level 1 of the Shoals)
 51570 | Shoals:2 | Noticed Donald
 51572 | Shoals:2 | HP: 49/140 [merfolk aquamancer/ball of steam (32)]
 51579 | Shoals:2 | HP: 29/140 [cloud of freezing vapour (15)]
 51579 | Shoals:2 | Killed Donald
 51818 | Shoals:2 | Found Uvustriar's Antique Weapon Shop.
 53008 | Shoals:2 | Reached XP level 19. HP: 122/147 MP: 36/36
 53181 | Shoals:3 | Found Otach's Antique Weapon Shoppe.
 53349 | Shoals:3 | Noticed Polyphemus
 53601 | Shoals:3 | Killed Polyphemus
 53841 | Shoals:3 | Bought an iridescent morningstar for 297 gold pieces
 53841 | Shoals:3 | Identified the +9 morningstar "Hutaj" {crush, +Blink +Rage Int+4 Dex-2} (You bought it in a shop on level 3 of the Shoals)
 55318 | Vaults:1 | Entered Level 1 of the Vaults
 56083 | Vaults:1 | Identified Sif Muna's Disquisition on Venom and Companions (Sif Muna gifted it to you on level 1 of the Vaults)
 56083 | Vaults:1 | Received a gift from Sif Muna
 56097 | Vaults:1 | Found a shadowy altar of Dithmenos.
 56105 | Vaults:1 | Learned a level 3 spell: Ignite Poison
 56113 | Vaults:1 | Learned a level 4 spell: Throw Icicle
 56118 | Vaults:1 | Learned a level 3 spell: Ozocubu's Armour
 56304 | Vaults:1 | Noticed an Ice Fiend
 56306 | Vaults:1 | HP: 74/148 [blizzard demon][a deep elf demonologist] (7)]
 56312 | Vaults:1 | HP: 58/222 [freezing wraith (1)]
 56319 | Vaults:1 | HP: 38/222 [freezing wraith (10)]
 56939 | Vaults:1 | Paralysed by a wizard for 4 turns
 57605 | Vaults:2 | HP: 72/148 [vault warden/broad axe of freezing (13)]
 57610 | Vaults:2 | HP: 57/148 [cloud of freezing vapour (4)]
 57740 | Vaults:2 | HP: 74/148 [yaktaur captain (3)]
 57743 | Vaults:2 | HP: 29/148 [yaktaur captain (20)]
 57748 | Vaults:2 | HP: 54/148 [cloud of freezing vapour (2)]
 57749 | Vaults:2 | HP: 22/148 [yaktaur/bolt (24)]
 57750 | Vaults:2 | Reached XP level 20. HP: 13/155 MP: 6/37
 57756 | Vaults:2 | HP: 11/155 [vault warden/bolt (7)]
 57764 | Vaults:2 | HP: 2/155 [vault warden/bolt (19)]
 59431 | Vaults:2 | HP: 77/156 [mirror damage (6)]
 60090 | Vaults:3 | Received a gift from Sif Muna
 60190 | Vaults:3 | Learned a level 6 spell: Deflect Missiles
 60675 | Vaults:3 | Found a staircase to the Crypt.
 60675 | Vaults:3 | Found an ancient bone altar of Kikubaaqudgha.
 60676 | Vaults:3 | Found a basalt altar of Yredelemnul.
 61599 | Vaults:4 | Got a pitted pewter amulet
 61793 | Vaults:4 | Noticed a Tzitzimitl
 61941 | Vaults:4 | Identified the amulet of the Hart {RegenMP Int+2} (You took it off an ironbrand convoker on level 4 of the Vaults)
 62039 | Vaults:4 | Reached XP level 21. HP: 149/163 MP: 24/39
 62214 | Vaults:4 | Learned a level 3 spell: Lesser Beckoning
 62221 | Vaults:4 | Learned a level 1 spell: Apportation
 63017 | Shoals:4 | Entered Level 4 of the Shoals
 63164 | Shoals:4 | Got a barnacled rune of Zot
 63248 | Shoals:4 | Identified the Guide on the Cankerous Compass
 63253 | Shoals:4 | Learned a level 2 spell: Blink
 63371 | Shoals:4 | Noticed Ilsuiw
 63380 | Shoals:4 | Killed Ilsuiw
 63703 | Shoals:4 | Identified Sif Muna's Handbook of Necromancy (Sif Muna gifted it to you on level 4 of the Shoals)
 63703 | Shoals:4 | Received a gift from Sif Muna
 63719 | Shoals:4 | Got a bloodstained morningstar
 63720 | Shoals:4 | Identified the +7 morningstar of Vagoc {freeze, rElec} (You found it on level 4 of the Shoals)
 63795 | Shoals:4 | Learned a level 5 spell: Borgnjor's Vile Clutch
 63932 | Shoals:4 | Got an encrusted dagger
 64802 | D:15     | Found a staircase to the Depths.
 64824 | D:15     | Reached skill level 15 in Invocations
 64907 | D:15     | Found a burning altar of Makhleb.
 64909 | D:15     | Found a shimmering altar of Xom.
 64909 | D:15     | Found a hazy altar of Hepliaklqana.
 64911 | D:15     | Found a shimmering altar of Xom.
 64911 | D:15     | Found a hazy altar of Hepliaklqana.
 64911 | D:15     | Found a stormy altar of Qazlal.
 65624 | Depths:1 | Entered Level 1 of the Depths
 65632 | Depths:1 | HP: 69/164 [ettin/dire flail (20)]
 66401 | Depths:1 | Found a gateway to Hell.
 67587 | Depths:2 | Paralysed by something for 2 turns
 67590 | Depths:2 | HP: 81/165 [something (12)]
 67598 | Depths:2 | HP: 75/165 [something (11)]
 67609 | Depths:1 | HP: 53/165 [something (1)]
 67614 | Depths:1 | HP: 45/165 [something (2)]
 67617 | Depths:1 | Reached XP level 22. HP: 49/172 MP: 24/40
 68219 | Depths:2 | Received a gift from Sif Muna
 68697 | Depths:2 | Found a runed door.
 68701 | Depths:2 | Noticed an ancient lich
 68772 | Depths:2 | Found a runed door.
 68908 | Depths:2 | Reached skill level 15 in Spellcasting
 68943 | Depths:2 | HP: 63/172 [white very ugly thing (44)]
 68969 | Depths:2 | HP: 59/173 [titan zombie[a necromancer] (1)]
 69611 | Depths:2 | Killed an ancient lich
 69611 | Depths:2 | Reached skill level 15 in Dodging
 69816 | Depths:3 | Found a one-way gate leading to the halls of Pandemonium.
 70086 | Depths:3 | Reached skill level 15 in Stealth
 70268 | Depths:3 | Found a one-way gate to the infinite horrors of the Abyss.
 70277 | Depths:3 | Noticed a caustic shrike
 70307 | Depths:3 | Killed a caustic shrike
 70499 | Depths:3 | Noticed a juggernaut
 70519 | Depths:3 | Killed a juggernaut
 70721 | Depths:3 | Reached ****** piety under Sif Muna
 70869 | Depths:3 | Reached XP level 23. HP: 169/179 MP: 26/42
 71258 | Depths:3 | Learned a level 8 spell: Controlled Blink
 72112 | Depths:3 | You fall through a shaft for 2 floors!
 72112 | Depths:5 | Entered Level 5 of the Depths
 72122 | Depths:5 | Noticed Margery
 72129 | Depths:5 | HP: 82/179 [hell knight/nerve-wracking pain[Margery] (14)]
 72129 | Depths:5 | Identified Sif Muna's Catalogue of Cloudy Enchantment (Sif Muna gifted it to you on level 5 of the Depths)
 72129 | Depths:5 | Received a gift from Sif Muna
 72198 | Depths:5 | Got a dazzling long sword {drain}
 72199 | Depths:5 | Identified the +10 long sword of Recklessness {drain, Int+4} (You took it off a frost giant on level 5 of the Depths)
 72642 | Depths:5 | Noticed a juggernaut
 72696 | Depths:5 | Killed a juggernaut
 72916 | Depths:5 | Killed Margery
 72916 | Depths:5 | Reached skill level 15 in Fighting
 72916 | Depths:5 | Reached skill level 15 in Short Blades
 72916 | Depths:5 | Reached skill level 15 in Long Blades
 72916 | Depths:5 | Reached skill level 15 in Axes
 72916 | Depths:5 | Reached skill level 15 in Maces & Flails
 72916 | Depths:5 | Reached skill level 15 in Polearms
 72916 | Depths:5 | Reached skill level 15 in Staves
 72916 | Depths:5 | Reached skill level 15 in Slings
 72916 | Depths:5 | Reached skill level 15 in Bows
 72916 | Depths:5 | Reached skill level 15 in Crossbows
 72916 | Depths:5 | Reached skill level 15 in Throwing
 72916 | Depths:5 | Reached skill level 15 in Armour
 72916 | Depths:5 | Reached skill level 15 in Shields
 72916 | Depths:5 | Reached skill level 15 in Unarmed Combat
 72916 | Depths:5 | Reached skill level 15 in Evocations
 73249 | Depths:5 | Found a gate to the Realm of Zot.
 73709 | Depths:4 | Noticed Saint Roka
 73742 | Depths:4 | Killed Saint Roka
 73897 | Depths:4 | Noticed Jorgrun
 73906 | Depths:4 | Killed Jorgrun
 74240 | Depths:4 | Found a gateway to a ziggurat.
 74662 | Depths:4 | Found Butol's Antique Armour Shop.
 74666 | Depths:4 | Found Wasokhus's Distillery.
 74674 | Depths:4 | Bought a potion of resistance for 150 gold pieces
 74674 | Depths:4 | Bought a potion of cancellation for 120 gold pieces
 74674 | Depths:4 | Bought a potion of brilliance for 60 gold pieces
 74700 | Depths:4 | Noticed Frederick
 74731 | Depths:4 | Killed Frederick
 75186 | Depths:4 | Identified Sif Muna's Incunabulum of Black Rituals and the Blaze (Sif Muna gifted it to you on level 4 of the Depths)
 75186 | Depths:4 | Received a gift from Sif Muna
 75217 | Depths:4 | Reached XP level 24. HP: 164/189 MP: 42/42
 75325 | Depths:4 | Got a translucent diamond amulet
 75326 | Depths:4 | Identified the amulet "Fees" {*Corrode +Rage MR++ Dex+5} (You took it off a deep elf death mage on level 4 of the Depths)
 75354 | Depths:4 | HP: 83/189 [flayed ghost/flay_damage (30)]
 75742 | Depths:4 | Identified Ustraplu's Incunabulum of Earthen Sinister Arts
 76479 | Vaults:5 | Entered Level 5 of the Vaults
 76747 | Vaults:5 | Found the +3 salamander hide armour {+Rage rF++}
 76997 | Vaults:5 | Learned a level 6 spell: Statue Form
 77035 | Vaults:5 | HP: 106/245 [war gargoyle/flail (19)]
 77345 | Vaults:5 | Paralysed by a lich for 4 turns
 77376 | Vaults:5 | HP: 121/247 [tentacled monstrosity (3)]
 77382 | Vaults:5 | HP: 107/247 [tentacled monstrosity (4)]
 77387 | Vaults:5 | HP: 94/247 [tentacled monstrosity (6)]
 77393 | Vaults:5 | HP: 76/247 [two-headed ogre/giant spiked club (4)]
 77401 | Vaults:5 | HP: 72/247 [two-headed ogre/giant spiked club (13)]
 77406 | Vaults:5 | HP: 81/247 [vault guard/great sword of freezing (14)]
 77664 | Vaults:5 | HP: 121/247 [titan (6)]
 77705 | Vaults:5 | Identified Disate's Compendium of the Fetching Mountains (Sif Muna gifted it to you on level 5 of the Vaults)
 77705 | Vaults:5 | Received a gift from Sif Muna
 77705 | Vaults:5 | Reached XP level 25. HP: 197/197 MP: 40/43
 77967 | Vaults:5 | Got a scorched helmet
 77968 | Vaults:5 | Identified the +2 helmet of the Carpenter {rF+ MR- SInv} (You acquired it on level 5 of the Vaults)
 78041 | Vaults:5 | Got a dazzling leather armour
 78256 | Vaults:5 | Identified Rasufar's Incunabulum of Entrancing Black Magic
 78264 | Vaults:5 | Identified the Grimoire of Bewitchment
 78276 | Vaults:5 | Learned a level 5 spell: Aura of Abjuration
 78566 | Vaults:5 | Identified Hyxtim's Almanac of Moulding
 78669 | Vaults:5 | Identified the +3 leather armour "Uwil" {rPois rC+ MR+} (You took it off a vault guard on level 5 of the Vaults)
 79025 | Vaults:5 | Got a silver rune of Zot
 79818 | Zot:1    | Entered Level 1 of the Realm of Zot
 80359 | Zot:2    | Noticed an orb of fire
 80359 | Zot:2    | Gained mutation: You are dopey. (Int -2) [an orb of fire]
 80371 | Zot:2    | Gained mutation: Scrolls take you a little longer to read. [an orb of fire]
 80372 | Zot:2    | Gained mutation: Your spells are a little easier to cast, but a little less powerful. [an orb of fire]
 80373 | Zot:2    | HP: 89/197 [orb of fire/fireball (14)]
 80376 | Zot:2    | HP: 36/197 [black draconian monk/bolt of lightning (44)]
 80379 | Zot:2    | Gained mutation: You do not regenerate when monsters are visible. [an orb of fire]
 80386 | Zot:2    | Gained mutation: You are frail. (-10% HP) [an orb of fire]
 80390 | Zot:1    | Lost mutation: You do not regenerate when monsters are visible. [potion of mutation]
 80390 | Zot:1    | Lost mutation: You are dopey. (Int -2) [potion of mutation]
 80390 | Zot:1    | Gained mutation: You have large cloven feet. [potion of mutation]
 80390 | Zot:1    | Gained mutation: You are weak. (Str -2) [potion of mutation]
 80390 | Zot:1    | Gained mutation: You expend magic power (3 MP) to strengthen your wands. [potion of mutation]
 80390 | Zot:1    | Lost mutation: You are weak. (Str -2) [potion of mutation]
 80391 | Zot:1    | Lost mutation: You expend magic power (3 MP) to strengthen your wands. [potion of mutation]
 80391 | Zot:1    | Lost mutation: Your spells are a little easier to cast, but a little less powerful. [potion of mutation]
 80391 | Zot:1    | Lost mutation: You are frail. (-10% HP) [potion of mutation]
 80391 | Zot:1    | Gained mutation: You are frail. (-10% HP) [potion of mutation]
 80391 | Zot:1    | Lost mutation: Scrolls take you a little longer to read. [potion of mutation]
 80391 | Zot:1    | Gained mutation: Your flesh is cold resistant. (rC+) [potion of mutation]
 80392 | Zot:1    | Lost mutation: You are frail. (-10% HP) [potion of mutation]
 80392 | Zot:1    | Lost mutation: Your flesh is cold resistant. (rC+) [potion of mutation]
 80392 | Zot:1    | Gained mutation: Your system is resistant to poisons. (rPois) [potion of mutation]
 80392 | Zot:1    | Gained mutation: You can translocate small distances at will. [potion of mutation]
 80392 | Zot:1    | Gained mutation: You tend to lose your temper in combat. [potion of mutation]
 80392 | Zot:1    | Gained mutation: Your flesh is cold resistant. (rC+) [potion of mutation]
 81348 | Zot:2    | Received a gift from Sif Muna
 81543 | Zot:5    | Entered Level 5 of the Realm of Zot
 81626 | Zot:5    | HP: 123/257 [deathcap/drain life[a curse toe] (8)]
 81631 | Zot:5    | HP: 115/257 [wandering mushroom[a curse toe] (6)]
 81636 | Zot:5    | HP: 79/257 [deathcap/drain life[a curse toe] (3)]
 81638 | Zot:5    | Reached XP level 26. HP: 50/206 MP: 43/43
 81646 | Zot:5    | HP: 56/267 [death cob (8)]
 81820 | Zot:5    | Reached skill level 15 in Poison Magic
 81949 | Zot:5    | Noticed an ancient lich
 81964 | Zot:5    | Killed an ancient lich
 82193 | Zot:5    | Noticed an orb of fire
 82203 | Zot:5    | Gained mutation: You occasionally shout uncontrollably at your foes. [an orb of fire]
 82214 | Zot:5    | Gained mutation: Your magical capacity is low. (-10% MP) [an orb of fire]
 82238 | Zot:5    | HP: 102/206 [death cob (21)]
 82242 | Zot:5    | Killed an orb of fire
 82243 | Zot:5    | HP: 80/206 [death cob (3)]
 82248 | Zot:5    | HP: 56/206 [death cob (12)]
 82275 | Zot:5    | HP: 61/206 [red draconian monk (17)]
 82280 | Zot:5    | HP: 69/267 [red draconian monk (8)]
 82285 | Zot:5    | HP: 61/267 [cloud of freezing vapour (2)]
 82292 | Zot:5    | HP: 68/267 [red draconian stormcaller/divine providence (12)]
 82300 | Zot:5    | HP: 75/267 [red draconian monk/searing blast (6)]
 82420 | Zot:5    | Noticed an orb of fire
 82421 | Zot:5    | Gained mutation: Your spells are a little easier to cast, but a little less powerful. [an orb of fire]
 82427 | Zot:5    | Gained mutation: You expend magic power (3 MP) to strengthen your wands. [an orb of fire]
 82435 | Zot:5    | Gained mutation: You are dopey. (Int -2) [an orb of fire]
 82436 | Zot:5    | Noticed Ratty's ghost (legendary DENe)
 82437 | Zot:5    | Gained mutation: Armour fits poorly on your strangely shaped body. [an orb of fire]
 82440 | Zot:5    | Killed an orb of fire
 82441 | Zot:5    | HP: 100/206 [Ratty's ghost/Shatter (46)]
 82448 | Zot:4    | Found a transporter.
 82529 | Zot:4    | Found a radiant altar of Vehumet.
 82577 | Zot:4    | Paralysed by a Zot trap for 5 turns
 82613 | Zot:5    | HP: 128/267 [Orb Guardian (32)]
 82615 | Zot:5    | HP: 59/267 [Orb Guardian (8)]
 82616 | Zot:5    | HP: 22/267 [Orb Guardian (8)]
 82617 | Zot:5    | Mangled by an Orb Guardian

Skill      XL: |  1  2  3  4  5  6  7  8  9 10 11 12 13 14 15 16 17 18 19 20 21 22 23 24 25 26 |
---------------+-------------------------------------------------------------------------------+-----
Conjurations   | 2 3 4 5 6 7 8 9 10 11 12 13 14 | 14.5
Spellcasting   | 5 6 7 8 9 10 11 12 13 14 15 16 17 | 17.2
Invocations    | 1 2 3 4 5 6 7 8 9 10 11 12 13 14 15 16 17 | 17.9
Fighting       | 1 2 3 4 5 6 7 8 9 10 11 12 13 14 15 16 | 16.6
Short Blades   | 1 2 3 4 5 6 7 8 9 10 11 12 13 14 15 16 | 16.6
Long Blades    | 1 2 3 4 5 6 7 8 9 10 11 12 13 14 15 16 | 16.6
Axes           | 1 2 3 4 5 6 7 8 9 10 11 12 13 14 15 16 | 16.6
Maces & Flails | 1 2 3 4 5 6 7 8 9 10 11 12 13 14 15 16 | 16.6
Polearms       | 1 2 3 4 5 6 7 8 9 10 11 12 13 14 15 16 | 16.6
Staves         | 1 2 3 4 5 6 7 8 9 10 11 12 13 14 15 16 | 16.6
Slings         | 1 2 3 4 5 6 7 8 9 10 11 12 13 14 15 16 | 16.6
Bows           | 1 2 3 4 5 6 7 8 9 10 11 12 13 14 15 16 | 16.6
Crossbows      | 1 2 3 4 5 6 7 8 9 10 11 12 13 14 15 16 | 16.6
Throwing       | 1 2 3 4 5 6 7 8 9 10 11 12 13 14 15 16 | 16.6
Armour         | 1 2 3 4 5 6 7 8 9 10 11 12 13 14 15 16 | 16.6
Shields        | 1 2 3 4 5 6 7 8 9 10 11 12 13 14 15 16 | 16.6
Unarmed Combat | 1 2 3 4 5 6 7 8 9 10 11 12 13 14 15 16 | 16.6
Evocations     | 1 2 3 4 5 6 7 8 9 10 11 12 13 14 15 16 | 16.6
Hexes          | 1 2 3 4 5 6 7 8 9 10 11 12 13 14 | 14.3
Charms         | 1 2 3 4 5 6 7 8 9 10 11 12 13 14 | 14.3
Summonings     | 1 2 3 4 5 6 7 8 9 10 11 12 13 14 | 14.3
Necromancy     | 1 2 3 4 5 6 7 8 9 10 11 12 13 14 | 14.3
Translocations | 1 2 3 4 5 6 7 8 9 10 11 12 13 14 | 14.3
Transmutations | 1 2 3 4 5 6 7 8 9 10 11 12 13 14 | 14.3
Fire Magic     | 1 2 3 4 5 6 7 8 9 10 11 12 13 14 | 14.3
Ice Magic      | 1 2 3 4 5 6 7 8 9 10 11 12 13 14 | 14.3
Air Magic      | 1 2 3 4 5 6 7 8 9 10 11 12 13 14 | 14.3
Earth Magic    | 1 2 3 4 5 6 7 8 9 10 11 12 13 14 | 14.3
Dodging        | 5 6 7 8 9 10 11 12 13 14 15 16 17 | 17.1
Stealth        | 5 6 7 8 9 10 11 12 13 14 15 16 17 | 17.0
Poison Magic   | 6 7 8 9 10 11 12 13 14 15 | 15.1

Action                   |  1- 3 |  4- 6 |  7- 9 | 10-12 | 13-15 | 16-18 | 19-21 | 22-24 | 25-27 || total
-------------------------+-------+-------+-------+-------+-------+-------+-------+-------+-------++-------
Melee: Dagger            |    44 |     1 |    64 |       |       |       |       |       |       ||   109
       Bite              |     5 |    16 |    15 |    33 |   139 |   117 |   171 |   192 |   133 ||   821
       Punch             |     1 |       |     2 |    13 |       |       |       |       |       ||    16
       Quarterstaff      |       |    50 |       |       |       |       |       |       |       ||    50
       Flail             |       |    26 |   136 |   299 |   349 |       |       |       |       ||   810
       Trident           |       |       |     9 |     4 |       |       |       |       |       ||    13
       Rapier            |       |       |       |       |   169 |       |       |       |       ||   169
       Demon trident     |       |       |       |       |   643 |  1133 |  1272 |  1557 |       ||  4605
       Scimitar          |       |       |       |       |    65 |       |       |       |       ||    65
       Staff             |       |       |       |       |    30 |   171 |    93 |       |       ||   294
       Morningstar       |       |       |       |       |     3 |       |    69 |     7 |    36 ||   115
       Demon blade       |       |       |       |       |       |       |    10 |   106 |   876 ||   992
       Unarmed           |       |       |       |       |       |       |       |    17 |       ||    17
       Kick              |       |       |       |       |       |       |       |       |    85 ||    85
Throw: Throwing net      |       |       |       |       |     1 |       |       |       |       ||     1
 Cast: Sting             |    28 |    43 |     1 |       |       |       |       |       |       ||    72
       Poisonous Vapours |    19 |    67 |    88 |   114 |    39 |       |       |       |       ||   327
       Olgreb's Toxic Ra |       |     4 |    30 |    84 |   161 |    89 |   100 |    33 |       ||   501
       Stone Arrow       |       |       |     3 |    76 |   139 |   213 |       |       |       ||   431
       Lee's Rapid Decon |       |       |       |     2 |    21 |     6 |       |       |       ||    29
       Regeneration      |       |       |       |     4 |     3 |    51 |    48 |    53 |    26 ||   185
       Mephitic Cloud    |       |       |       |     2 |    14 |     2 |       |       |       ||    18
       Summon Mana Viper |       |       |       |       |    15 |       |       |       |       ||    15
       Summon Butterflie |       |       |       |       |     3 |       |     1 |       |       ||     4
       Summon Lightning  |       |       |       |       |     3 |    48 |     9 |    10 |     6 ||    76
       Freezing Cloud    |       |       |       |       |       |    34 |    78 |    65 |    17 ||   194
       Cause Fear        |       |       |       |       |       |     7 |       |       |       ||     7
       Conjure Flame     |       |       |       |       |       |     1 |     7 |     2 |       ||    10
       Throw Icicle      |       |       |       |       |       |       |    23 |    40 |    52 ||   115
       Ozocubu's Armour  |       |       |       |       |       |       |    11 |     1 |       ||    12
       Ignite Poison     |       |       |       |       |       |       |    39 |    35 |       ||    74
       Deflect Missiles  |       |       |       |       |       |       |     3 |     6 |     6 ||    15
       Blink             |       |       |       |       |       |       |     2 |       |     3 ||     5
       Borgnjor's Vile C |       |       |       |       |       |       |       |    13 |     4 ||    17
       Statue Form       |       |       |       |       |       |       |       |     5 |    14 ||    19
       Aura of Abjuratio |       |       |       |       |       |       |       |       |     1 ||     1
Invok: Channel Magic     |       |       |       |     1 |       |     4 |     3 |     2 |     2 ||    12
 Abil: Evoke Invisibilit |       |       |       |       |       |       |     1 |     1 |       ||     2
       End Transformatio |       |       |       |       |       |       |       |       |     1 ||     1
Evoke: Wand              |       |       |       |       |     1 |     1 |       |     1 |       ||     3
       Box of beasts     |       |       |       |       |     1 |       |       |       |       ||     1
       Sack of spiders   |       |       |       |       |       |       |     2 |       |       ||     2
  Use: Scroll            |       |       |    20 |    11 |    24 |    12 |    15 |    16 |     9 ||   107
       Potion            |       |       |       |       |     1 |     7 |     3 |     1 |    13 ||    25
 Stab: Sleeping          |     1 |     1 |     7 |     4 |    21 |    10 |    36 |    10 |     7 ||    97
       Distracted        |       |     1 |     1 |       |     6 |    15 |     9 |    19 |     4 ||    55
       Petrified         |       |       |       |       |     2 |       |     1 |       |       ||     3
       Confused          |       |       |       |       |     6 |     1 |       |       |       ||     7
       Invisible         |       |       |       |       |       |       |     1 |       |       ||     1
       Petrifying        |       |       |       |       |       |       |     1 |       |       ||     1
  Eat: Chunk             |     3 |     8 |    17 |    35 |    49 |    45 |    58 |    36 |     7 ||   258
       Ration            |       |       |       |     1 |     6 |     6 |     4 |     5 |     6 ||    28
Armor: Robe              |     7 |     8 |    15 |       |    91 |   191 |   180 |    10 |       ||   502
       Leather armour    |       |       |    42 |   103 |    95 |       |       |       |       ||   240
       Ring mail         |       |       |       |    21 |       |       |       |       |       ||    21
       Skin              |       |       |       |       |       |     2 |    24 |    82 |   195 ||   303
       Scale mail        |       |       |       |       |       |     1 |       |       |       ||     1
       Quicksilver drago |       |       |       |       |       |       |       |   227 |    43 ||   270
       Fire dragon scale |       |       |       |       |       |       |       |       |    73 ||    73
Dodge: Dodged            |    18 |    46 |   176 |   557 |   843 |   907 |   936 |   920 |   835 ||  5238
       Deflected         |       |       |       |       |       |       |    19 |    69 |    42 ||   130
Block: Buckler           |       |       |       |       |   592 |   719 |   676 |    75 |       ||  2062
       Reflection        |       |       |       |       |    33 |   134 |    93 |    66 |    40 ||   366
       Shield            |       |       |       |       |       |       |       |   867 |   796 ||  1663
       Rpst.: Scimitar   |       |       |       |       |    10 |       |       |       |       ||    10
       Demon blade       |       |       |       |       |       |       |     3 |    13 |   115 ||   131

Vault maps used:
D:1:      onia_arrival_pentagram, serial_forest, infiniplex_forest_lined_corner,
          infiniplex_forest_clump_curved, infiniplex_forest_straight_3,
          infiniplex_forest_end_3, infiniplex_forest_lined_1,
          infiniplex_forest_clump_medium, infiniplex_forest_clump_long,
          corner_web_ring
D:2:      chequers_ecumenical_altar_island, first_ration, uniq_natasha,
          uniq_crazy_yiuf_cottage
D:3:      lemuel_castle_with_subvaults, st_stairs_12
D:4:      kennysheep_minor_cross
D:5:      uniq_ijyb, uniq_eustachio
D:6:      marbit_many_paths, uniq_pikel
D:7:      temple_hall, grunt_livestock
D:8:      minmay_statues_item
D:9:      david_lair_generic, orc_0_dummy
D:10:     serial_shops, shop, solitary_fountain
D:11:     serial_shops, shop
D:12:     cheibrodos_magma_flow, uniq_urug
D:13:     basic_altar, elyvilon_altar_3
D:14:     david_vaults_2, uniq_kirke, uniq_azrael
D:15:     grunt_enter_depths_giant_problem, roderic_lattice_a,
          minmay_misc_feat_roman, minivault_16, doesnt_xom_only_xom
Lair:2:   cheibrodos_lair_overgrown_chateau, minmay_shoals_entry_centaurs,
          grunt_forest_large_clearing_hut
Lair:3:   guppyfry_snake_entry_garden, lemuel_fruit_fields, uniq_gastronok
Lair:5:   minmay_slime_entry_jelly_boxes, beast_lair_carwin_8
Lair:6:   due_jungle_book, grunt_megastairs_5
Shoals:1: uniq_nikola, uniq_frances
Shoals:2: serial_shops, nicolae_shop_crystal, argonaut_gorgonesque, uniq_donald
Shoals:3: serial_shops, shop, nicolae_shoals_water_elemental_grotto,
          uniq_polyphemus
Shoals:4: shoals_end_grunt_garden, shoal_ilsuiw, nicolae_shoals_kraken_party
Snake:1:  cheibrodos_toxic_ritual, uniq_asterion
Snake:2:  spider_trap, uniq_vashnia, uniq_aizul
Snake:4:  grunt_snake_rune_serpentine_throne,
          portal_ice_cave_entry_pillars_three
Orc:1:    sword_in_stone
Orc:2:    st_orc_elflike, basic_altar, uniq_erolcha, uniq_maurice
Vaults:1: ontoclasm_vaults_gateway, grunt_vaults_twisty, v_misc_31,
          hangedman_vaults_cutoff, nicolae_vaults_an_arrangement,
          vaults_mumra_chevron, dpeg_vaults_monster_box,
          nicolae_vaults_little_squares_1, nicolae_vaults_ring_of_whatevers,
          basic_altar
Vaults:2: v_misc_4, serial_ice_g, v_rooms_3, vaults_dpeg_cross, v_rooms_4,
          hangedman_vaults_nails, ontoclasm_vaults_ring_square, v_misc_27,
          nicolae_vaults_little_squares_3, ontoclasm_vaults_ring_square,
          nicolae_vaults_circle_grid_b
Vaults:3: minmay_crypt_entry_necro_gods, hangedman_vaults_stream,
          nicolae_vaults_network_periphery, vaults_room_door_hall,
          ontoclasm_vaults_misaligned, ontoclasm_vaults_eye,
          vaults_room_stairs_pillars, v_pattern_4,
          ontoclasm_vaults_decontamination, nicolae_vaults_alarming,
          nicolae_vaults_little_squares_4, vaults_dpeg_hooks
Vaults:4: ontoclasm_vaults_ring_small, nicolae_vaults_little_ls,
          nicolae_vaults_network_square, hangedman_vaults_maws, v_misc_16,
          vaults_room_ringed_pool, ontoclasm_vaults_pinch, v_misc_5,
          ontoclasm_vaults_loading_screen, vaults_room_door_ring
Depths:1: wad_floor_pattern_1, hellmouth_1, serial_bayou_pond_b, st_stairs_9,
          kennysheep_generic_room_8
Depths:2: cheibrodos_witchhunters_guild, hell_entry, serial_bayou_shore_b,
          grunt_megastairs_1, minmay_staircase_statues, firewood_loft
Depths:3: minmay_two_paths, minmay_misc_feat_five, rand_demon_pan_entry_7,
          hell_entry, abyss_entry, serial_bayou_lake_a,
          infiniplex_staircase_zigzag_1
Depths:4: cross_vault, enter_ziggurat_e, pf_dread_powers_of_hell,
          abyss_entry_small_statue_room, serial_bayou_shore_b, minmay_shop_star,
          infiniplex_staircase_pool_1, basic_stair_grate_trap,
          serial_bayou_shore_b, uniq_frederick, uniq_jorgrun, uniq_saint_roka
Depths:5: evilmike_zot_entry_basic, hell_entry, serial_bayou_shore_a,
          uniq_margery
Zot:3:    kennysheep_room_grid, st_single_dragon_hoard_2
Zot:4:    gammafunk_sealed_library, grunt_megastairs_3
IceCv:    ice_cave_tombish
